 Dungeon Crawl Stone Soup version 0.22.1-2-g9c5b331383 (webtiles) character file.

296 Gargoyl the Skirmisher (level 6, -7/52 HPs)
             Began as a Centaur Abyssal Knight on Dec 7, 2018.
             Was a Believer of Lugonu.
             Mangled by Sigmund
             ... wielding a +0 scythe
              (11 damage)
             ... on level 3 of the Dungeon.
             The game lasted 00:06:04 (4693 turns).

Gargoyl the Skirmisher (Centaur Abyssal Knight)     Turns: 4693, Time: 00:06:05

Health: -7/52      AC:  9    Str: 15    XL:     6   Next: 12%
Magic:  8/8        EV:  2    Int: 11    God:    Lugonu [**....]
Gold:   259        SH:  0    Dex: 10    Spells: 5/5 levels left

rFire    . . .     SeeInvis .   a - +1 hand axe
rCold    . . .     Gourm    .   (no shield)
rNeg     . . .     Faith    .   b - +0 plate armour
rPois    .         Spirit   .   (no helmet)
rElec    .         Reflect  .   (no cloak)
rCorr    .         Harm     .   (no gloves)
MR       .....                  (no barding)
Stlth    ..........             (no amulet)
HPRegen  0.17/turn              (no ring)
MPRegen  0.11/turn              (no ring)

@: confused, very quick
A: large, hooves 3, deformed body, speed 2, tough skin 3
a: Depart the Abyss, Bend Space, Renounce Religion


You were on level 3 of the Dungeon.
You worshipped Lugonu.
Lugonu was pleased with you.
You were not hungry.

You visited 1 branch of the dungeon, and saw 3 of its levels.
You visited the Abyss 1 time.

You collected 259 gold pieces.

Inventory:

Hand Weapons
 a - a +1 hand axe (weapon)
 e - a +3 arbalest of freezing
 i - a +0 war axe
Missiles
 g - 9 tomahawks (quivered)
Armour
 b - a +0 plate armour (worn)
Scrolls
 d - a scroll of enchant armour {unknown}
 j - 3 scrolls of identify
 k - a scroll of teleportation
 l - a scroll of random uselessness {unknown}
Comestibles
 c - 5 rations


   Skills:
 + Level 3.8 Fighting
 + Level 3.2 Axes
 * Level 3.2 Armour
 + Level 1.1 Dodging
 * Level 3.2 Invocations


You had 5 spell levels left.
You didn't know any spells.
Your spell library was empty.

Dungeon Overview and Level Annotations

Branches:
Dungeon (3/15)

Altars:
Ru

Annotations:
D:3 1 runed door, Sigmund


Innate Abilities, Weirdness & Mutations

You have hooves in place of feet.
Armour fits poorly on your strangely shaped body.
You cover ground very quickly.
You have extremely tough skin. (AC +3)


Message History

Sigmund says, "Now you see me, now you don't..."
Sigmund hits you with a scythe.
You bump into the rock wall.
You bump into the rock wall.
Sigmund gestures at you while chanting. The puff of flame hits you!
You miss Sigmund. You kick Sigmund, but do no damage.
Sigmund is lightly wounded.
You feel less confused. Sigmund casts a spell at you.
You are confused.
You bump into the rock wall.
Sigmund hits you with a scythe.
* * * LOW HITPOINT WARNING * * *
You aren't carrying any potions.
You bump into the rock wall.
Sigmund casts a spell at you. The puff of flame hits you!
* * * LOW HITPOINT WARNING * * *
You bump into the rock wall.
Sigmund hits you with a scythe!
You die...

..# #.# #.# #.# #.# #
#.#########.#
#########.......@@..#
...........##########
##########.# #.# #.#
#.# #.# #.# ..#


You could see Sigmund.

Vanquished Creatures
  The ghost of spacerossing the Shooter, an amateur NaHu (D:3)
  A bullfrog (D:3)
  4 adders
  A river rat (D:3)
  An ooze (D:2)
  An adder skeleton (D:3)
  2 worms (D:2)
  A dart slug (D:1)
  7 leopard geckos
  An orc (D:3)
  A ball python (D:3)
  4 giant cockroaches
  14 hobgoblins
  4 jackals (D:3)
  2 quokkas (D:3)
  A ball python zombie (D:3)
  11 bats
  2 frilled lizards
  5 goblins
  8 kobolds
  A rat (D:3)
73 creatures vanquished.

Notes
Turn   | Place    | Note
-------+----------+-------------------------------------------
     0 | Abyss:1  | Gargoyl the Centaur Abyssal Knight began the quest for the
                  | Orb.
     0 | Abyss:1  | Reached XP level 1. HP: 19/19 MP: 2/2
    71 | Abyss:1  | Found a hide-covered altar of Uskayaw.
   131 | Abyss:2  | Noticed a hellwing
   157 | D:1      | Escaped the Abyss
   496 | D:1      | Reached * piety under Lugonu
   496 | D:1      | Reached XP level 2. HP: 26/26 MP: 3/3
  1346 | D:2      | Reached XP level 3. HP: 25/31 MP: 4/4
  1886 | D:2      | Reached ** piety under Lugonu
  1960 | D:2      | Reached XP level 4. HP: 16/38 MP: 5/5
  2617 | D:2      | Found a sacrificial altar of Ru.
  3644 | D:3      | Found a runed door.
  3698 | D:3      | Noticed a bullfrog
  3700 | D:3      | Noticed spacerossing's ghost (amateur NaHu)
  3731 | D:3      | Killed a bullfrog
  3731 | D:3      | Reached skill level 1 in Dodging
  3731 | D:3      | Reached XP level 5. HP: 20/46 MP: 7/7
  4494 | D:3      | Killed spacerossing's ghost
  4494 | D:3      | Reached XP level 6. HP: 48/52 MP: 8/8
  4616 | D:3      | Found a runed door.
  4677 | D:3      | Noticed Sigmund
  4693 | D:3      | Mangled by Sigmund

Skill      XL: |  1  2  3  4  5 |
---------------+----------------+-----
Axes           | 2 3 |  3.2
Armour         | 2 3 |  3.2
Dodging        | 1 |  1.1
Invocations    | 3 |  3.2
Fighting       | |  3.8

Action                   |  1- 3 |  4- 6 || total
-------------------------+-------+-------++-------
Melee: Hand axe          |   131 |   162 ||   293
       Kick              |    22 |    30 ||    52
Throw: Tomahawk          |     3 |       ||     3
Invok: Depart the Abyss  |     1 |       ||     1
  Use: Scroll            |     4 |       ||     4
       Potion            |     1 |     3 ||     4
  Eat: Chunk             |     2 |     5 ||     7
       Ration            |       |     1 ||     1
Armor: Leather armour    |    28 |       ||    28
       Scale mail        |    62 |    14 ||    76
       Plate armour      |       |   104 ||   104
       Skin              |       |    48 ||    48
Dodge: Dodged            |    81 |    22 ||   103
